 Dungeon Crawl Stone Soup version 0.23.0-3-gf3c87f2 (webtiles) character file.

Game seed: 3820375689549490586

30499 SeriousVitamin the Scorcher (level 13, -9/63 HPs)
             Began as a Deep Elf Fire Elementalist on Feb 24, 2019.
             Was a High Priest of Vehumet.
             Mangled by an elephant (19 damage)
             ... on level 6 of the Lair of Beasts.
             The game lasted 01:14:13 (18152 turns).

SeriousVitamin the Scorcher (DEFE)                 Turns: 18152, Time: 01:14:15

Health: -9/63      AC:  8    Str:  6    XL:     13   Next: 20%
Magic:  10/32      EV: 12    Int: 25    God:    Vehumet [*****.]
Gold:   773        SH:  3    Dex: 15    Spells: 19/38 levels left

rFire    . . .     SeeInvis .   t - staff of energy
rCold    . . .     Gourm    .   z - +0 buckler
rNeg     + . .     Faith    .   a - +0 robe
rPois    .         Spirit   .   g - +1 helmet
rElec    .         Reflect  .   d - +0 cloak
rCorr    .         Harm     .   G - +1 pair of gloves
MR       +....                  j - +0 pair of boots
Stlth    ++........             (no amulet)
HPRegen  0.20/turn              L - ring of wizardry
MPRegen  0.23/turn              k - ring of positive energy

@: no status effects
A: no striking features
a: Renounce Religion


You were on level 6 of the Lair of Beasts.
You worshipped Vehumet.
Vehumet was extremely pleased with you.
You were not hungry.

You visited 3 branches of the dungeon, and saw 17 of its levels.
You also visited: Sewer.

You collected 1142 gold pieces.
You spent 369 gold pieces at shops.

Inventory:

Hand Weapons
 o - a +7 quarterstaff of chaos
 P - the +7 falchion of Resourcefulness {freeze, +Fly Dex+7, unknown}
   (You found it on level 5 of the Lair of Beasts)

   It has been specially enchanted to freeze those struck by it, causing extra
   injury to most foes and up to half again as much damage against particularly
   susceptible opponents.
   It can also slow down cold-blooded creatures.
   It affects your dexterity (+7).
   It lets you fly.
Armour
 a - a +0 robe (worn)
 d - a +0 cloak (worn)
 g - a +1 helmet (worn)
 j - a +0 pair of boots (worn)
 z - a +0 buckler (worn)
 G - a +1 pair of gloves (worn)
Magical Staves
 t - an uncursed staff of energy (weapon)
Jewellery
 h - an uncursed ring of resist corrosion
 k - a ring of positive energy (right hand)
 p - an uncursed ring of see invisible
 L - a ring of wizardry (left hand)
Wands
 l - a wand of random effects (12)
 n - a wand of polymorph (11)
 v - a wand of flame (24)
 w - a wand of digging (4)
 x - a wand of acid (10)
 H - a wand of disintegration (17)
 N - a wand of paralysis (9)
Scrolls
 e - 6 scrolls of amnesia
 f - 3 scrolls of teleportation
 u - 2 scrolls of fog
 y - 2 scrolls of immolation
 B - 2 scrolls of remove curse
 D - 2 scrolls of torment
 E - a scroll of blinking
 K - a scroll of silence
 O - a scroll of summoning {unknown}
Potions
 b - 2 potions of brilliance
 i - 5 potions of curing
 m - a potion of magic
 q - a potion of resistance
 r - 4 potions of might
 s - 7 potions of flight
 A - 2 potions of cancellation
 C - a potion of heal wounds
 F - a potion of agility
 I - 2 potions of berserk rage
 J - a potion of lignification {unknown}
 M - a potion of ambrosia {unknown}
Comestibles
 c - 33 rations


   Skills:
 - Level 2.4 Dodging
 - Level 2.4 Stealth
 + Level 13.4 Spellcasting
 * Level 15.3 Conjurations
 * Level 15.5 Fire Magic


You had 19 spell levels left.
You knew the following spells:

 Your Spells              Type           Power        Failure   Level  Hunger
a - Flame Tongue          Conj/Fire      #####        0%          1    None
b - Bolt of Cold          Conj/Ice       ######....   4%          6    None
c - Conjure Flame         Conj/Fire      #######.     1%          3    None
e - Sticky Flame          Conj/Fire      #######.     1%          4    None
f - Fireball              Conj/Fire      #######...   1%          5    None

Your spell library contained the following spells:

 Spells                   Type           Power        Failure   Level  Hunger
 Magic Dart               Conj           ####         0%          1    None
 Throw Flame              Conj/Fire      ######       0%          2    None
 Inner Flame              Hex/Fire       ######..     1%          3    None
 Mephitic Cloud           Conj/Pois/Air  #####...     1%          3    None
 Animate Skeleton         Necr           N/A          2%          1    None
 Apportation              Tloc           ###...       2%          1    None
 Confusing Touch          Hex            ###...       2%          1    None
 Summon Small Mammal      Summ           ###.         2%          1    None
 Blink                    Tloc           N/A          3%          2    None
 Call Imp                 Summ           ###.....     3%          2    None
 Slow                     Hex            ###.....     3%          2    None


Dungeon Overview and Level Annotations

Branches:
Dungeon (10/15)            Temple (1/1) D:5            Lair (6/6) D:10
 Spider (0/4) Lair:3        Slime (0/5) Lair:5
  Swamp: Lair:2-4    Shoals: Lair:2-4       Orc: D:9-12

Altars:
Elyvilon
Fedhas
Hepliaklqana
Makhleb
Nemelex Xobeh
Okawaru
Qazlal
Ru
Sif Muna
Uskayaw
Vehumet
Xom
The Shining One
Jiyva

Shops:
D:5 ?   D:7 ?   D:10 *

Annotations:
Lair:4 Nessos


Message History

Casting: Flame Tongue (safe; 0% risk of failure)
Confirm with . or Enter, or press ? or * to list all spells.
Aiming: Flame Tongue (safe; 0% risk of failure)
Press: ? - help, Shift-Dir - straight line, f/p - elephant
Aim: an elephant (severely wounded, covered in liquid flames)
The flame tongue hits the elephant but does no damage.
The elephant is severely wounded.
The elephant burns!
The elephant tramples you!!
* * * LOW HITPOINT WARNING * * *
You stumble backwards!
Casting: Flame Tongue (safe; 0% risk of failure)
Confirm with . or Enter, or press ? or * to list all spells.
Aiming: Sticky Flame (safe; 1% risk of failure)
Press: ? - help, Shift-Dir - straight line, f/p - elephant
Aim: an elephant (almost dead, covered in liquid flames)
The sticky flame hits the elephant.
The elephant is almost dead.
The elephant is covered in liquid flames!
The elephant burns!
The elephant tramples you!!
You die...

#≈.........#
≈##..........# ##
≈≈≈≈....†....##.#
≈≈≈...........###
#≈....†.<......#
≈##≈.....†......##
≈≈≈≈............#
≈≈≈.......Y....##
##.......@....#
≈.#............#
≈≈≈≈..........##
≈≈≈≈............#
≈##≈...P##.P..###
#.....###.P..#
≈≈≈..#.# ....#
........# #...P
...#....P #...


You could see an elephant (burning).

Vanquished Creatures
  Snorg (Lair:3)
  2 hydras
  Harold (D:8)
  Urug (Lair:3)
  Sonja (Lair:3)
  Pikel (D:7)
  An elephant (Lair:6)
  6 spiny frogs
  A molten gargoyle (Lair:5)
  A gargoyle (D:7)
  2 rime drakes
  9 komodo dragons
  A tengu conjurer (D:10)
  2 trolls
  A queen bee (Lair:2)
  Grinder (D:3)
  2 polar bears
  The ghost of Karim the Cutter, an amateur HaMo of Uskayaw (D:5)
  13 blink frogs
  8 hippogriffs
  2 wyverns
  A tarantella (Lair:3)
  4 basilisks
  16 yaks
  A fire elemental (Lair:5)
  Grum (D:8)
  7 water moccasins
  4 porcupines
  4 slaves (D:7)
  A necrophage (D:8)
  3 black bears (D:10)
  2 sky beasts
  3 phantoms
  5 orc warriors
  8 ogres
  21 wolves
  4 centaurs
  7 crocodiles
  A big kobold (Sewer)
  13 bullfrogs
  A wyvern zombie (D:10)
  2 scorpions
  2 wyvern skeletons
  29 killer bees
  2 electric eels (Lair:5)
  A howler monkey (D:4)
  5 crimson imps
  A lava snake (Lair:5)
  3 bullfrog zombies
  8 orc priests
  Crazy Yiuf (D:3)
  A gnoll shaman (D:10)
  2 hounds
  3 bullfrog skeletons
  2 centaur skeletons
  4 jellies
  7 hell rats (Lair:5)
  Terence (D:3)
  2 iguanas
  6 worker ants
  15 orc wizards
  A killer bee zombie (D:10)
  2 hound zombies
  2 hound skeletons
  2 worker ant zombies (D:7)
  7 gnolls
  5 river rats
  16 adders
  6 shadow imps
  14 oozes
  An adder skeleton (D:4)
  5 worms
  6 dart slugs
  9 leopard geckos
  40 orcs
  9 bats
  6 giant cockroaches
  11 goblins
  6 hobgoblins
  13 jackals
  18 kobolds
  3 quokkas
  3 ball pythons
  2 frilled lizards (D:1)
  A jackal skeleton (D:9)
  A jackal zombie (D:7)
  A quokka skeleton (D:5)
  17 rats
  A bush (Lair:3)
  A fungus (D:10)
471 creatures vanquished.

Vanquished Creatures (others)
  29 fungi
  7 plants
  9 toadstools (D:2)
45 creatures vanquished.

Grand Total: 516 creatures vanquished

Notes
Turn   | Place    | Note
-------+----------+-------------------------------------------
     0 | D:1      | SeriousVitamin the Deep Elf Fire Elementalist began the
                  | quest for the Orb.
     0 | D:1      | Reached XP level 1. HP: 10/10 MP: 6/6
    75 | D:1      | Reached XP level 2. HP: 15/15 MP: 4/8
   410 | D:1      | Reached XP level 3. HP: 14/19 MP: 1/9
   901 | D:2      | Learned a level 3 spell: Conjure Flame
   968 | D:2      | Found a shimmering altar of Xom.
  1064 | D:2      | Reached XP level 4. HP: 24/24 MP: 8/11
  1377 | D:2      | Reached XP level 5. HP: 24/28 MP: 2/13
  1629 | D:2      | Reached skill level 5 in Fire Magic
  2324 | D:3      | Reached XP level 6. HP: 29/32 MP: 9/14
  2506 | D:3      | Found a faded altar of an unknown god.
  2595 | D:3      | Noticed Terence
  2613 | D:3      | Killed Terence
  2714 | D:3      | Found a runed translucent door.
  2715 | D:3      | Noticed Crazy Yiuf
  2723 | D:3      | Learned a level 4 spell: Sticky Flame
  2788 | D:3      | Killed Crazy Yiuf
  2924 | D:3      | Reached skill level 5 in Spellcasting
  2945 | D:3      | Reached skill level 5 in Conjurations
  2949 | D:3      | Noticed Grinder
  3074 | D:3      | Paralysed by Grinder for 6 turns
  3088 | D:3      | Paralysed by Grinder for 5 turns
  3110 | D:3      | Killed Grinder
  3110 | D:3      | Reached XP level 7. HP: 6/36 MP: 0/17
  3456 | D:4      | Found a white marble altar of Elyvilon.
  3885 | D:4      | Reached skill level 10 in Conjurations
  3885 | D:4      | Reached skill level 10 in Fire Magic
  3885 | D:4      | Reached XP level 8. HP: 35/41 MP: 17/23
  3939 | D:4      | Learned a level 5 spell: Fireball
  4305 | D:4      | Found a blossoming altar of Fedhas.
  4336 | D:5      | Entered Level 5 of the Dungeon
  4356 | D:5      | Found a runed translucent gate.
  4357 | D:5      | Found a runed translucent gate.
  4357 | D:5      | Found a runed translucent gate.
  4358 | D:5      | Noticed Karim's ghost (amateur HaMo)
  4382 | D:5      | Found a glowing golden altar of the Shining One.
  4385 | D:5      | Found a staircase to the Ecumenical Temple.
  4394 | Temple   | Entered the Ecumenical Temple
  4463 | Temple   | Became a worshipper of Vehumet
  4586 | D:5      | Reached XP level 9. HP: 38/45 MP: 18/24
  4697 | D:5      | Found Qiclido's Magic Scroll Emporium.
  4705 | D:5      | Bought a scroll of identify for 22 gold pieces
  4705 | D:5      | Bought a scroll of identify for 22 gold pieces
  4705 | D:5      | Bought a scroll of random uselessness for 11 gold pieces
  4705 | D:5      | Bought a scroll of blinking for 82 gold pieces
  4705 | D:5      | Bought a scroll of enchant weapon for 82 gold pieces
  4774 | D:5      | Found a glowing drain.
  4784 | Sewer    | Entered a sewer
  4867 | Sewer    | Found a glowing silver altar of Zin.
  5394 | D:5      | Killed Karim's ghost
  5583 | D:6      | Reached * piety under Vehumet
  5583 | D:6      | Offered knowledge of Freeze by Vehumet.
  5586 | D:6      | HP: 1/45 [orc warrior/tomahawk (16)]
  6272 | D:7      | Noticed Pikel
  6281 | D:7      | Killed Pikel
  6425 | D:7      | Noticed a gargoyle
  6456 | D:7      | Killed a gargoyle
  6456 | D:7      | Reached skill level 10 in Spellcasting
  6461 | D:7      | Reached XP level 10. HP: 50/50 MP: 7/26
  6626 | D:7      | Found Zoff's Magic Scroll Shoppe.
  6641 | D:7      | Bought a scroll of identify for 24 gold pieces
  6641 | D:7      | Bought a scroll of teleportation for 36 gold pieces
  6641 | D:7      | Bought a scroll of blinking for 90 gold pieces
  6686 | D:7      | Offered knowledge of Sting by Vehumet.
  6851 | D:7      | Reached ** piety under Vehumet
  6956 | D:7      | Found a sparkling altar of Nemelex Xobeh.
  7446 | D:8      | Noticed Grum
  7803 | D:8      | Noticed Harold
  7810 | D:8      | Killed Harold
  8796 | D:8      | Killed Grum
  8813 | D:8      | Offered knowledge of Searing Ray by Vehumet.
  9213 | D:9      | Reached *** piety under Vehumet
  9749 | D:10     | Entered Level 10 of the Dungeon
  9890 | D:10     | Reached XP level 11. HP: 54/54 MP: 19/27
  9947 | D:10     | Offered knowledge of Stone Arrow by Vehumet.
 10579 | D:10     | Reached **** piety under Vehumet
 10592 | D:10     | Found Beach's Changing Room.
 10744 | D:10     | Offered knowledge of Olgreb's Toxic Radiance by Vehumet.
 10789 | D:10     | Found a staircase to the Lair.
 11488 | Lair:1   | Entered Level 1 of the Lair of Beasts
 13175 | Lair:2   | Reached ***** piety under Vehumet
 13175 | Lair:2   | Offered knowledge of Bolt of Cold by Vehumet.
 13180 | Lair:2   | Reached XP level 12. HP: 35/59 MP: 1/30
 13825 | Lair:2   | You fall through a shaft!
 14010 | Lair:3   | Noticed Sonja
 14013 | Lair:3   | Killed Sonja
 14804 | Lair:3   | Noticed a seven-headed hydra
 14809 | Lair:3   | Killed a seven-headed hydra
 15051 | Lair:3   | Noticed Urug
 15057 | Lair:3   | Killed Urug
 15371 | Lair:3   | Found a hole to the Spider Nest.
 15596 | Lair:3   | Noticed Snorg
 15600 | Lair:3   | Killed Snorg
 15600 | Lair:3   | Reached skill level 15 in Fire Magic
 15892 | Lair:4   | Noticed a five-headed hydra
 15898 | Lair:4   | Killed a five-headed hydra
 16196 | Lair:4   | Noticed Nessos
 16533 | Lair:5   | Learned a level 6 spell: Bolt of Cold
 16582 | Lair:5   | Found a viscous altar of Jiyva.
 16600 | Lair:5   | Found a staircase to the Slime Pits.
 16718 | Lair:5   | Reached XP level 13. HP: 63/63 MP: 23/32
 16718 | Lair:5   | Reached skill level 15 in Conjurations
 17148 | Lair:6   | Entered Level 6 of the Lair of Beasts
 18074 | Lair:5   | Got a fine falchion
 18152 | Lair:6   | Mangled by an elephant

Skill      XL: |  1  2  3  4  5  6  7  8  9 10 11 12 13 |
---------------+----------------------------------------+-----
Conjurations   | 2 3 4 5 10 11 12 13 14 15 | 15.3
Fire Magic     | 4 5 6 10 11 12 13 15 | 15.5
Spellcasting   | 4 5 9 10 12 13 | 13.4
Dodging        | |  2.4
Stealth        | |  2.4

Action                   |  1- 3 |  4- 6 |  7- 9 | 10-12 | 13-15 || total
-------------------------+-------+-------+-------+-------+-------++-------
Melee: Whip              |     9 |    11 |     1 |       |       ||    21
       Quarterstaff      |       |       |    54 |    46 |       ||   100
       Staff             |       |       |       |    21 |     1 ||    22
 Cast: Flame Tongue      |    61 |   167 |   162 |   435 |    44 ||   869
       Conjure Flame     |       |     4 |     2 |    32 |       ||    38
       Sticky Flame      |       |     3 |    16 |    87 |    10 ||   116
       Fireball          |       |       |     8 |    74 |    11 ||    93
       Bolt of Cold      |       |       |       |     2 |    12 ||    14
  Use: Scroll            |       |     6 |    11 |    16 |     1 ||    34
       Potion            |       |     3 |     2 |     4 |       ||     9
 Stab: Sleeping          |     1 |       |       |       |       ||     1
  Eat: Chunk             |       |     6 |     4 |    26 |     3 ||    39
       Ration            |       |       |     3 |     1 |     1 ||     5
Armor: Robe              |    10 |    18 |    30 |    64 |     9 ||   131
Dodge: Dodged            |    27 |    49 |    77 |   189 |    17 ||   359
Block: Buckler           |       |       |       |    33 |     7 ||    40
